 Dungeon Crawl Stone Soup version 0.28.0-49-g6dfe1f597d (webtiles) character file.

Game seed: 14690122039619065767

25390 mortz the Destroyer (level 12, -4/88 HPs)
             Began as a Demigod Conjurer on May 16, 2022.
             Slain by a five-headed hydra (7 damage)
             ... on level 3 of the Lair of Beasts on May 17, 2022.
             The game lasted 02:23:26 (23225 turns).

mortz the Destroyer (Demigod Conjurer)             Turns: 23225, Time: 02:23:26

Health: -4/88      AC: 11    Str: 18    XL:     12   Next: 53%
Magic:  22/29      EV: 12    Int: 32    God:
Gold:   723        SH:  0    Dex: 12    Spells: 3/28 levels left

rFire   + . .      SeeInvis .   b - +8 trident of the Octopus King {venom, rElec rPois, polearm}
rCold   . . .      Faith    .   (no shield)
rNeg    . . .      Spirit   .   X - +2 troll leather armour
rPois   +          Reflect  .   o - +0 helmet
rElec   +          Harm     .   (no cloak)
rCorr   .          Rampage  .   (no gloves)
Will    +....                   u - +2 pair of boots
Stlth   ++........              T - amulet of regeneration {@e2}
HPRegen 1.84/turn               m - ring of protection from fire
MPRegen 0.21/turn               V - +6 ring of strength

@: lethally poisoned (-4 -> -5)
A: high MP 1, forlorn, divine attributes
a: no special abilities


You were on level 3 of the Lair of Beasts.
You visited 3 branches of the dungeon, and saw 14 of its levels.

You collected 723 gold pieces.


Innate Abilities, Weirdness & Mutations

You have an increased reservoir of magic. (+10% MP)
You shall have no god before yourself.
Your divine heritage dramatically boosts your attributes as you level up.


   Skills:
 + Level 2.8 Fighting
 + Level 0.1 Short Blades
 + Level 2.9(3.2) Axes
 + Level 2.1(2.9) Polearms
 + Level 4.8 Armour
 + Level 3.8 Dodging
 + Level 4.0 Stealth
 + Level 8.8 Spellcasting
 + Level 9.1 Conjurations
 * Level 8.1 Translocations
 * Level 5.3 Transmutations
 * Level 5.4 Fire Magic
 + Level 2.0 Air Magic
 * Level 7.0 Poison Magic


You had 3 spell levels left.
You knew the following spells:

 Your Spells              Type           Power      Damage    Failure   Level
a - Magic Dart            Conj           100%       1d8       1%          1
b - Searing Ray           Conj           100%       2d8       1%          2
c - Iskenderun's Mystic   Conj/Tloc      62%        2d13      1%          4
d - Mephitic Cloud        Conj/Pois/Air  52%        N/A       1%          3
e - Ignite Poison         Fire/Tmut/Pois 51%        N/A       1%          3
f - Olgreb's Toxic Radia  Pois           56%        N/A       2%          4
g - Flame Wave            Conj/Fire      57%        2d11      1%          4
h - Sticky Flame          Conj/Fire      57%        2d7       1%          4

Your spell library contained the following spells:

 Spells                   Type           Power      Damage    Failure   Level
 Beastly Appendage        Tmut           96%        N/A       1%          1
 Sting                    Tmut/Pois      100%       1d8       1%          1
 Poisonous Vapours        Pois/Air       86%        N/A       1%          2
 Scorch                   Fire           96%        2d10      1%          2
 Wereblood                Tmut           48%        N/A       1%          2
 Conjure Flame            Conj/Fire      57%        6-21      1%          3
 Dazzling Flash           Conj/Hex       86%        N/A       1%          3
 Spider Form              Tmut/Pois      52%        N/A       1%          3
 Corpse Rot               Necr/Air       40%        N/A       4%          2
 Call Imp                 Summ           14%        N/A       6%          2
 Fulminant Prism          Conj/Hex       21%        3d13      6%          4
 Fireball                 Conj/Fire      28%        3d12      6%          5
 Starburst                Conj/Fire      28%        6d9       32%         6
 Dispel Undead            Necr           14%        3d10      38%         4
 Silence                  Hex/Air        10%        N/A       58%         5
 Agony                    Necr           14%        N/A       75%         5
 Death Channel            Necr           7%         N/A       99%         6
 Summon Cactus Giant      Summ           7%         N/A       99%         6
 Ignition                 Fire           24%        3d8       100%        8

Inventory:

Hand Weapons
 a - a +0 short sword of electrocution {short}
   (You found it on level 7 of the Dungeon)
 b - the +8 trident of the Octopus King (weapon) {venom, rElec rPois, polearm}
   (You found it on level 2 of the Lair of Beasts)

   It poisons the flesh of those it strikes.
   rElec:     It insulates you from electricity.
   rPois:     It protects you from poison.
 g - a +3 dagger of freezing {short}
   (You took it off a vampire on level 10 of the Dungeon)
 q - a +4 flail {mace}
   (You took it off a wight on level 7 of the Dungeon)
 y - a +6 hand axe {axe}
   (You took it off a wight on level 7 of the Dungeon)
 G - a +1 war axe of electrocution {axe}
   (You took it off an orc priest on level 7 of the Dungeon)
 K - a +2 morningstar of flaming {mace}
   (You took it off Maggie on level 7 of the Dungeon)
Missiles
 R - 4 silver javelins {throwing}
Armour
 o - a +0 helmet (worn)
   (You found it on level 10 of the Dungeon)
 u - a +2 pair of boots (worn)
   (You found it on level 4 of the Dungeon)
 E - a +3 leather armour of positive energy
   (You took it off Duvessa on level 7 of the Dungeon)
 X - a +2 troll leather armour (worn)
   (You found it on level 10 of the Dungeon)
Jewellery
 m - a ring of protection from fire (left hand)
   (You took it off a goblin on level 2 of the Dungeon)
 T - an amulet of regeneration (around neck) {@e2}
   (You found it on level 10 of the Dungeon)
 V - a +6 ring of strength (right hand)
   (You took it off an orc warrior on level 10 of the Dungeon)
 W - a ring of protection from fire
   (You took it off an orc warrior on level 10 of the Dungeon)
Wands
 D - a wand of polymorph (10)
   (You took it off Dowan on level 7 of the Dungeon)
 J - a wand of iceblast (14)
   (You found it on level 7 of the Dungeon)
 Y - a wand of paralysis (8)
   (You found it on level 1 of the Lair of Beasts)
Scrolls
 c - a scroll of identify {@r1}
 f - a scroll of torment {unknown}
 k - a scroll of magic mapping {unknown}
 l - a scroll of vulnerability {unknown}
 p - 2 scrolls of fog
 v - a scroll of silence {unknown}
 z - 2 scrolls of immolation {!r!r}
 C - 3 scrolls of teleportation {@r4}
 H - a scroll of enchant weapon
 N - a scroll of blinking {unknown}
 P - a scroll of acquirement {unknown}
 Q - a scroll of amnesia {unknown}
 U - a scroll of holy word {unknown}
Potions
 h - 3 potions of mutation {!q}
 i - 7 potions of flight
 n - 3 potions of magic
 s - 5 potions of curing {@q1}
 w - 3 potions of berserk rage {!q}
 A - 2 potions of haste {@q3}
 B - 2 potions of resistance
 F - 2 potions of attraction {unknown}
 L - 2 potions of lignification {unknown}

Dungeon Overview and Level Annotations

Branches:
Dungeon (10/15)            Temple (1/1) D:4            Lair (3/6) D:10
  Swamp (0/4) Lair:2          Orc (0/2) D:10
  Snake: Lair:2-4    Spider: Lair:2-4

Shops:
D:1 (:=   D:5 *

Portals:
Abyss: Lair:1

Annotations:
D:10 exclusion: 3 oklob plants
Lair:1 2 transporters, Malificent's ghost, journeyman FoAK

...##
#............##.#....P
#..P##.<.#.......####.....#
#.......#......#...#...#.(
#......#......##....###..
###..............#.#.....
##...........#####......
#......F......##.#......
##...hhDh....#..........
#....hh@.....#..........
##....h......#..........
##.....................
#.>..................P
#....................#
#P...................#
....................##
.).#P.........


You could see a five-headed hydra, a cane toad and 6 wolves.


Message History

You lost 1 mp, and now have 12/29 mp.
Aiming: Magic Dart (safe; 1% risk of failure)
Press: ? - help, Q - select action, (/) - cycle Shift-Dir - straight line, f/p - five-headed hydra
Aim: a five-headed hydra (lightly wounded, 100% to hit)
The magic dart hits the five-headed hydra. 😎 MP[-1]
You lost 1 mp, and now have 11/29 mp.
Aiming: Magic Dart (safe; 1% risk of failure)
Press: ? - help, Q - select action, (/) - cycle Shift-Dir - straight line, f/p - five-headed hydra
Aim: a five-headed hydra (moderately wounded, 100% to hit)
The magic dart hits the five-headed hydra. 😎 MP[-1]
You lost 1 mp, and now have 10/29 mp. 😎 MP[+1] 😎 MP[+1] 😎 MP[+1] 😎 MP[+1]
A cane toad comes into view.
The cane toad croaks. 😎 MP[+1] 😎 MP[+1] 😎 MP[+1]
The cane toad barely misses you. 😎 MP[+1]
The cane toad stings you!!
You are poisoned.
The cane toad poisons you! 😕 HP[-18]
You take 18 damage, and now have 70/88 hp.
MASSIVE DAMAGE!! (PAUSE)
You feel very sick. 😕 HP[-2] MP[+1]
You take 2 damage, and now have 68/88 hp.
You feel sick. 😕 HP[-1]
You take 1 damage, and now have 67/88 hp.
A wolf comes into view.
You feel sick.
The wolf howls!
You hear a howl!
A wolf comes into view.
You feel sick.
A wolf comes into view.
You feel sick.
The cane toad stings you! 😮 HP[-9] MP[+1]
You take 9 damage, and now have 58/88 hp.
You feel sick.
The wolf bites you but does no damage. 😮 HP[+1]
You feel sick. 😮 HP[+1] 3 wolves come into view.
You feel sick.
The wolf howls! x3
The wolf barely misses you. The wolf bites you! The wolf closely misses you.
The wolf howls! 😮 HP[-9]
You take 9 damage, and now have 51/88 hp.
You feel sick. 😮 HP[+1]
You feel sick.
You are no longer poisoned.
The wolf completely misses you. The cane toad barely misses you.
The wolf barely misses you. 😮 HP[+1] MP[+1]
Found an escape hatch in the floor. 😮 HP[+2]
You regained 2 hp, and now have 55/88 hp.
The wolf pauses to sniff the ground.
The wolf bites you but does no damage. 😮 HP[+2]
You regained 2 hp, and now have 57/88 hp.
The wolf closely misses you. The cane toad stings you!
You are poisoned.
The cane toad poisons you!
The wolf bites you but does no damage. 😮 HP[-7]
You take 7 damage, and now have 50/88 hp.
You feel very sick. The five-headed hydra bites you.
* * * LOW HITPOINT WARNING * * *
The five-headed hydra bites you but does no damage.
The five-headed hydra bites you!
* * * LOW HITPOINT WARNING * * *
The five-headed hydra bites you!
* * * LOW HITPOINT WARNING * * *
The five-headed hydra bites you!
* * * LOW HITPOINT WARNING * * *
😱 HP[-42]
You take 42 damage, and now have 8/88 hp.
MASSIVE DAMAGE!! (PAUSE)
You feel very sick.
The wolf bites you but does no damage. x2; The wolf bites you.
* * * LOW HITPOINT WARNING * * *
There is a stone staircase leading up here. 😱 HP[-3] MP[+1]
You take 3 damage, and now have 5/88 hp.
* * * LOW HITPOINT WARNING * * *
You feel very sick.
The wolf closely misses you. x2; The wolf barely misses you.
The five-headed hydra barely misses you.
The five-headed hydra misses you. The five-headed hydra bites you!
You die...

Skill      XL: |  1  2  3  4  5  6  7  8  9 10 11 12 |
---------------+-------------------------------------+-----
Conjurations   | 4 5 6 7 8 9 |  9.1
Stealth        | 2 3 4 |  4.0
Spellcasting   | 2 3 4 5 6 8 |  8.8
Translocations | 1 2 3 4 5 6 7 8 |  8.1
Armour         | 1 2 3 4 |  4.8
Dodging        | 2 3 |  3.8
Polearms       | 1 2 |  2.1
Fighting       | 1 2 |  2.8
Poison Magic   | 3 4 5 7 |  7.0
Fire Magic     | 1 3 4 5 |  5.4
Axes           | 2 |  2.9
Transmutations | 3 4 5 |  5.3
Air Magic      | 1 2 |  2.0
Short Blades   | |  0.1

Action                   |  1- 3 |  4- 6 |  7- 9 | 10-12 || total
-------------------------+-------+-------+-------+-------++-------
Melee: Dagger            |     5 |       |       |       ||     5
       Spear             |       |    10 |    13 |       ||    23
       Punch             |       |       |     2 |     1 ||     3
       Hand axe          |       |       |    23 |    68 ||    91
       Trident           |       |       |       |    10 ||    10
 Cast: Magic Dart        |    55 |    54 |   100 |   118 ||   327
       Searing Ray       |    34 |    30 |    78 |   129 ||   271
       Mephitic Cloud    |       |       |    10 |    49 ||    59
       Iskenderun's Myst |       |       |     5 |   119 ||   124
       Olgreb's Toxic Ra |       |       |       |    18 ||    18
       Ignite Poison     |       |       |       |     8 ||     8
       Sticky Flame      |       |       |       |     1 ||     1
Evoke: Wand              |       |       |       |     3 ||     3
  Use: Scroll            |     2 |     1 |    13 |     6 ||    22
       Potion            |       |       |       |     3 ||     3
 Stab: Confused          |       |       |       |     2 ||     2
       Distracted        |       |       |       |     1 ||     1
Armor: Robe              |     1 |       |       |       ||     1
       Leather armour    |     1 |     5 |    31 |    58 ||    95
       Troll leather arm |       |       |       |    30 ||    30
Dodge: Dodged            |     5 |    10 |    55 |   146 ||   216

Levels and vault maps discovered:
D:1:      dpeg_arrival_rooms_b, layout_rooms, serial_shops, shop, shop,
          nicolae_shop_trees, basic_ecumenical_altar
D:2:      layout_basic, minmay_misc_feat_x, hangedman_abyss_or_decor_stabs
D:3:      layout_rooms, uniq_natasha
D:4:      layout_basic, minmay_temple_entry_water_ring
D:5:      layout_layer_cave, nicolae_shop_sticking_my_neck_out, uniq_grinder,
          uniq_eustachio
D:6:      layout_basic
D:7:      layout_gridville, uniq_maggie, uniq_duvessa
D:8:      layout_loops_ring, enter_bailey_5
D:9:      layout_loops_cross, mainiacjoe_overflow_six_doors_small,
          kennysheep_opposing_triangles, uniq_joseph
D:10:     cheibrodos_ideogram_h, layout_rooms, erik_lair_dragon, david_orc_3,
          disabler_island
Temple:   dpeg_three_leaves_temple
Lair:1:   layout_layer_cave, gammafunk_ghost_abyssal_escape,
          serial_bayou_ford_a, grunt_forest_large_clearing_hut,
          grunt_megastairs_3, uniq_grum
Lair:2:   layout_chaotic_city, skrybe_swamp_entry_bodies, st_stairs_8,
          chequers_serial_rivers_room_a, grunt_forest_small_clearings,
          serial_bayou_pond_b, grunt_megastairs_1
Lair:3:   layout_cave_pods, chequers_serial_rivers_micro_a, grunt_megastairs_4,
          infiniplex_staircase_pool, serial_bayou_shore_a, lemuel_fruit_fields

Notes
Turn   | Place    | Note
-------+----------+-------------------------------------------
     0 | D:1      | mortz the Demigod Conjurer began the quest for the Orb.
     0 | D:1      | Reached XP level 1. HP: 14/14 MP: 5/5
     0 | D:1      | magus.rc [v1.9.6]
   145 | D:1      | HP: 1/14 [dart slug (3)]
   148 | D:1      | Reached skill level 4 in Conjurations
   488 | D:1      | Reached XP level 2. HP: 20/20 MP: 5/7
   491 | D:1      | Learned a level 2 spell: Searing Ray
   660 | D:1      | Reached skill level 2 in Stealth
   842 | D:1      | Found Tuenkap's Jewellery Emporium.
  1007 | D:1      | Reached XP level 3. HP: 26/26 MP: 5/8
  1032 | D:1      | Found Quul's Book Emporium.
  1086 | D:1      | Found Zoutz's Weapon Boutique.
  1812 | D:2      | Reached skill level 2 in Spellcasting
  2851 | D:3      | Reached XP level 4. HP: 33/33 MP: 1/10
  2993 | D:3      | Reached skill level 1 in Translocations
  3004 | D:3      | HP: 8/33 [poisoned by a gnoll]
  3555 | D:3      | Noticed Natasha
  3558 | D:3      | Killed Natasha
  3559 | D:3      | Reached skill level 1 in Armour
  3700 | D:3      | Noticed Natasha
  3705 | D:3      | Killed Natasha
  3706 | D:3      | Reached XP level 5. HP: 32/38 MP: 4/11
  3783 | D:3      | Noticed Natasha
  3791 | D:3      | Killed Natasha
  3792 | D:3      | Reached skill level 5 in Conjurations
  3982 | D:4      | Noticed a black bear
  4081 | D:4      | Found a staircase to the Ecumenical Temple.
  4090 | Temple   | Entered the Ecumenical Temple
  4266 | D:4      | You pick up a book of Changes and begin reading...
  4266 | D:4      | You add the spells Beastly Appendage, Wereblood and Spider
                  | Form to your library.
  4744 | D:4      | Reached skill level 2 in Translocations
  4744 | D:4      | Reached XP level 6. HP: 45/45 MP: 7/13
  4836 | D:4      | Reached skill level 3 in Spellcasting
  5148 | D:5      | Entered Level 5 of the Dungeon
  5201 | D:5      | You pick up a book of Changes and begin reading...
  5402 | D:5      | Reached skill level 2 in Armour
  5547 | D:5      | Noticed Eustachio
  5982 | D:5      | You pick up a book of Scorching and begin reading...
  5982 | D:5      | You add the spells Scorch, Flame Wave and Summon Cactus
                  | Giant to your library.
  6072 | D:5      | Reached skill level 2 in Dodging
  6072 | D:5      | Reached XP level 7. HP: 16/50 MP: 2/15
  6402 | D:5      | Found Luisyi's Neck Hole.
  6412 | D:5      | Reached skill level 6 in Conjurations
  6575 | D:5      | Noticed Grinder
  6733 | D:5      | You add the spells Sting, Poisonous Vapours and Olgreb's
                  | Toxic Radiance to your library.
  6875 | D:5      | Paralysed by Grinder for 6 turns
  6882 | D:5      | Paralysed by Grinder for 5 turns
  6893 | D:5      | Killed Grinder
  6894 | D:5      | Reached skill level 4 in Spellcasting
  6894 | D:5      | Reached skill level 3 in Translocations
  6990 | D:5      | Killed Eustachio
  6991 | D:5      | Reached skill level 3 in Stealth
  7186 | D:6      | Reached XP level 8. HP: 32/58 MP: 5/18
  7406 | D:6      | Reached skill level 1 in Polearms
  7677 | D:6      | Reached skill level 1 in Fighting
  7883 | D:6      | Reached skill level 4 in Translocations
  7928 | D:6      | Learned a level 4 spell: Iskenderun's Mystic Blast
  8428 | D:7      | Reached skill level 3 in Armour
  8444 | D:7      | Reached skill level 5 in Spellcasting
  8578 | D:7      | Reached skill level 7 in Conjurations
  8723 | D:7      | Noticed Duvessa
  8724 | D:7      | Noticed Dowan
  8733 | D:7      | Killed Duvessa
  8834 | D:7      | Killed Dowan
  9111 | D:7      | HP: 8/59 [orc warrior/+0 scimitar (14)]
  9113 | D:7      | Reached XP level 9. HP: 9/64 MP: 2/20
  9649 | D:7      | Reached skill level 5 in Translocations
  9649 | D:7      | Reached skill level 1 in Poison Magic
  9761 | D:7      | You pick up a book of the Senses and begin reading...
  9761 | D:7      | You add the spells Agony and Silence to your library.
  9832 | D:7      | Noticed Maggie
 10015 | D:7      | You pick up a book of Minor Magic and begin reading...
 10015 | D:7      | You add the spells Call Imp and Mephitic Cloud to your
                  | library.
 10020 | D:7      | Learned a level 3 spell: Mephitic Cloud
 10355 | D:7      | Reached skill level 3 in Dodging
 10744 | D:7      | Killed Maggie
 10745 | D:7      | Reached skill level 2 in Poison Magic
 10830 | D:7      | magus.rc [v1.9.6]
 10870 | D:8      | Reached skill level 6 in Spellcasting
 11174 | D:8      | You add the spells Conjure Flame, Ignite Poison and Sticky
                  | Flame to your library.
 11503 | D:8      | You pick up a book of Decay and begin reading...
 11503 | D:8      | You add the spells Corpse Rot, Dispel Undead and Death
                  | Channel to your library.
 11529 | D:8      | Found a flagged portal.
 11824 | D:8      | Reached skill level 4 in Armour
 12331 | D:9      | Reached skill level 1 in Fire Magic
 12335 | D:9      | Reached skill level 3 in Poison Magic
 12341 | D:9      | Reached XP level 10. HP: 62/73 MP: 1/23
 12357 | D:9      | Reached skill level 1 in Axes
 12361 | D:9      | HP: 18/73 [wyvern (13)]
 12365 | D:9      | Reached skill level 1 in Transmutations
 12677 | D:9      | Reached skill level 1 in Air Magic
 13259 | D:9      | You pick up a book of Fire and begin reading...
 13259 | D:9      | You add the spells Fireball, Starburst and Ignition to your
                  | library.
 13620 | D:9      | Noticed Joseph
 13636 | D:9      | Killed Joseph
 13637 | D:9      | Reached skill level 8 in Conjurations
 14092 | D:9      | Reached skill level 2 in Fighting
 14092 | D:9      | Reached skill level 6 in Translocations
 14092 | D:9      | Reached skill level 2 in Fire Magic
 14092 | D:9      | Reached skill level 4 in Poison Magic
 14096 | D:9      | Reached skill level 2 in Transmutations
 14207 | D:9      | You pick up a book of Spectacle and begin reading...
 14306 | D:10     | Entered Level 10 of the Dungeon
 14306 | D:10     | Found a staircase to the Orcish Mines.
 14309 | D:10     | Noticed a two-headed ogre
 14673 | D:9      | magus.rc [v1.9.6]
 14697 | D:10     | Noticed a wizard
 14799 | D:10     | Killed a two-headed ogre
 14803 | D:10     | Killed a wizard
 14828 | D:9      | Reached skill level 2 in Axes
 15061 | D:10     | Noticed a two-headed ogre
 15397 | D:10     | Killed a two-headed ogre
 15398 | D:10     | Reached skill level 3 in Transmutations
 15398 | D:10     | Reached skill level 3 in Fire Magic
 15523 | D:10     | Reached XP level 11. HP: 66/79 MP: 8/25
 15707 | D:10     | Reached skill level 7 in Spellcasting
 16242 | D:10     | Reached skill level 5 in Poison Magic
 16399 | D:10     | Found a staircase to the Lair.
 16875 | D:10     | Noticed a boulder beetle
 17069 | D:10     | Reached skill level 7 in Translocations
 17086 | D:10     | Noticed a four-headed hydra
 17089 | D:10     | Learned a level 3 spell: Ignite Poison
 17170 | D:10     | Killed a four-headed hydra
 17364 | D:10     | Noticed a tengu warrior
 17379 | D:10     | Killed a tengu warrior
 17380 | D:10     | Reached skill level 2 in Air Magic
 17865 | D:9      | magus.rc [v1.9.6]
 18034 | D:10     | Killed a boulder beetle
 18035 | D:10     | Reached skill level 4 in Fire Magic
 18882 | Lair:1   | Entered Level 1 of the Lair of Beasts
 18888 | Lair:1   | Reached skill level 8 in Spellcasting
 18895 | Lair:1   | Reached skill level 4 in Transmutations
 19311 | D:10     | Learned a level 4 spell: Olgreb's Toxic Radiance
 19316 | D:10     | Learned a level 4 spell: Flame Wave
 19321 | D:10     | Learned a level 4 spell: Sticky Flame
 19896 | Lair:1   | Noticed Grum
 19902 | Lair:1   | Killed Grum
 20122 | Lair:1   | Noticed a four-headed hydra
 20128 | Lair:1   | Killed a four-headed hydra
 20129 | Lair:1   | Reached XP level 12. HP: 88/88 MP: 10/28
 20494 | Lair:1   | Reached skill level 6 in Poison Magic
 20568 | Lair:1   | Found a transporter.
 20585 | Lair:1   | Noticed a rakshasa
 20586 | Lair:1   | Reached skill level 5 in Fire Magic
 20842 | Lair:1   | Found a one-way gate to the infinite horrors of the Abyss.
 20848 | Lair:1   | Noticed Malificent's ghost (journeyman FoAK)
 20858 | Lair:1   | Found a transporter.
 21313 | Lair:2   | Found the +8 trident of the Octopus King {venom, rElec
                  | rPois}
 21450 | Lair:2   | Reached skill level 2 in Polearms
 21453 | Lair:2   | HP: 19/88 [death yak (21)]
 21456 | Lair:2   | HP: 5/88 [death yak (19)]
 21479 | Lair:2   | Reached skill level 5 in Transmutations
 21592 | Lair:2   | Noticed a boulder beetle
 21717 | Lair:2   | Killed a boulder beetle
 21718 | Lair:2   | Reached skill level 9 in Conjurations
 22165 | Lair:2   | Reached skill level 8 in Translocations
 22353 | Lair:2   | Reached skill level 4 in Stealth
 22353 | Lair:2   | Reached skill level 7 in Poison Magic
 22476 | Lair:2   | Found a staircase to the Swamp.
 22564 | Lair:2   | You pick up a book of Scorching and begin reading...
 22995 | Lair:2   | magus.rc [v1.9.6]
 23158 | Lair:3   | Noticed a five-headed hydra
 23166 | Lair:3   | magus.rc [v1.9.6]
 23223 | Lair:3   | HP: 20/88 [five-headed hydra (9)]
 23223 | Lair:3   | HP: 8/88 [five-headed hydra (12)]
 23225 | Lair:3   | HP: 3/88 [poisoned by a cane toad]
 23225 | Lair:3   | Slain by a five-headed hydra

Vanquished Creatures
  2 boulder beetles
  2 hydras
  2 two-headed ogres (D:10)
  A tengu warrior (D:10)
  3 death yaks (Lair:2)
  A bog body (Lair:2)
  A wizard (D:10)
  5 cane toads
  A black mamba (Lair:1)
  Joseph (D:9)
  Maggie (D:7)
  4 komodo dragons
  3 rime drakes
  3 trolls
  A hornet (D:10)
  3 blink frogs (Lair:1)
  Grinder (D:5)
  A meliai zombie (D:10)
  A spriggan (Lair:1)
  2 vampires (D:10)
  5 wyverns
  4 basilisks
  Grum (Lair:1)
  15 yaks
  Eustachio (D:5)
  5 vampire mosquitoes
  2 steam dragons
  A warg (D:10)
  An acid dragon (D:10)
  5 water moccasins
  Duvessa (D:7)
  A floating eye (D:10)
  2 black bears
  3 ice beasts
  2 necrophages
  10 orc warriors
  5 wolves
  2 centaurs
  A kobold brigand (D:8)
  9 bullfrogs
  3 gnoll sergeants
  A scorpion (D:5)
  Dowan (D:7)
  A water moccasin skeleton (D:6)
  6 killer bees (D:9)
  10 wights
  2 howler monkeys
  7 centaur zombies
  2 hounds
  A jelly (D:4)
  5 orc priests
  2 bullfrog skeletons
  Natasha (thrice) (D:3)
  2 iguanas
  A scorpion zombie (D:5)
  12 orc wizards
  2 hound skeletons (D:4)
  A howler monkey zombie (D:9)
  A howler monkey skeleton (D:4)
  19 gnolls
  6 adders
  An adder zombie (D:5)
  4 worms
  4 dart slugs
  30 orcs
  9 ball pythons
  9 bats
  11 endoplasms
  A giant cockroach (D:3)
  6 goblins
  9 hobgoblins
  2 jackals (D:1)
  14 kobolds
  3 quokkas
  5 frilled lizards
  10 rats
  A butterfly (Lair:3)
322 creatures vanquished.

Vanquished Creatures (others)
  7 fungi
  37 plants
44 creatures vanquished.

Grand Total: 366 creatures vanquished

Table legend:
 A = Non-vault XP
 B = Vault XP
 C = Vault XP percentage of total XP
 D = Non-vault monster count
 E = Vault monster count
 F = Vault count percentage of total count
                 A         B        C        D         E       F
            +---------+---------+-------+---------+---------+-------
      Total |   18293 |   17979 |  49.6 |     254 |      67 |  20.9
            +---------+---------+-------+---------+---------+-------
        D:1 |      57 |       0 |   0.0 |      31 |       0 |   0.0
        D:2 |      47 |       0 |   0.0 |      27 |       0 |   0.0
        D:3 |     149 |      36 |  19.5 |      20 |       1 |   4.8
        D:4 |     350 |       0 |   0.0 |      15 |       0 |   0.0
        D:5 |     532 |     455 |  46.1 |      12 |       2 |  14.3
        D:6 |     863 |       0 |   0.0 |      18 |       0 |   0.0
        D:7 |    1632 |     617 |  27.4 |      23 |       3 |  11.5
        D:8 |    1294 |       8 |   0.6 |      32 |       4 |  11.1
        D:9 |    1909 |    1265 |  39.9 |      26 |       7 |  21.2
       D:10 |    2536 |   10587 |  80.7 |      18 |      38 |  67.9
     Lair:1 |    5064 |    1280 |  20.2 |      18 |       6 |  25.0
     Lair:2 |    2947 |    3731 |  55.9 |       9 |       6 |  40.0
     Lair:3 |     913 |       0 |   0.0 |       5 |       0 |   0.0
            +---------+---------+-------+---------+---------+-------

Illustrated notes

Table legend:
 A = Kills in this place as a percentage of kills in entire the game.
 B = Kills by you in this place as a percentage of kills by you in the entire game.
 C = Kills by friends in this place as a percentage of kills by friends in the entire game.
 D = Other kills in this place as a percentage of other kills in the entire game.
 E = Experience gained in this place as a percentage of experience gained in the entire game.
 F = Experience gained in this place divided by the number of levels of this place that you have seen.
                   A       B       C       D       E      F
               +-------+-------+-------+-------+-------+----------------------
         Total | 100.0 | 100.0 |   N/A | 100.0 | 100.0 | 2590.9
       Dungeon |  86.3 |  86.1 |   N/A | 100.0 |  61.6 | 2233.7
          Lair |  13.7 |  13.9 |   N/A |   0.0 |  38.4 | 4645.0
               +-------+-------+-------+-------+-------+----------------------

Table legend: (Time is in decaauts)
 A = Elapsed time spent in this place.
 B = Non-inter-level travel time spent in this place.
 C = Inter-level travel time spent in this place.
 D = Time resting spent in this place.
 E = Time spent auto-exploring this place.
 F = Levels seen in this place.
 G = Mean time per level.
                   A        B        C        D        E       F      G
               +--------+--------+--------+--------+--------+-----+--------+
         Total |  23284 |  22706 |    578 |   7453 |  12025 |  14 | 1663.1 |
       Dungeon |  19237 |  18687 |    550 |   6703 |   9304 |  10 | 1923.7 |
        Temple |      5 |      5 |      0 |      0 |      0 |   1 |    5.0 |
          Lair |   4040 |   4012 |     28 |    750 |   2720 |   3 | 1346.7 |
               +--------+--------+--------+--------+--------+-----+--------+

Top non-repeatable levels by time:
     D:9: 3931 daAuts
    D:10: 2594 daAuts
  Lair:1: 2396 daAuts
     D:7: 2202 daAuts
     D:5: 2088 daAuts
     D:8: 1751 daAuts
     D:2: 1586 daAuts
     D:6: 1456 daAuts
  Lair:2: 1416 daAuts
     D:1: 1335 daAuts
     D:4: 1247 daAuts
     D:3: 1045 daAuts
  Lair:3: 227 daAuts
  Temple: 5 daAuts
